 Dungeon Crawl Stone Soup version 0.29-a0-824-gd827844252 (webtiles) character file.

Game seed: 9949171964484677437

699407 scionoferis the Sensei (level 27, -10/283 HPs)
             Began as an Octopode Transmuter on July 7, 2022.
             Was an Initiate of Gozag.
             Killed from afar by a Hell Sentinel (52 damage)
             ... with an iron shot
             ... on level 18 of a ziggurat on July 10, 2022.
             The game lasted 11:38:24 (109367 turns).

scionoferis the Sensei (Octopode Transmuter)      Turns: 109367, Time: 11:38:24

Health: -10/283    AC: 20    Str: 35    XL:     27
Magic:  5/59       EV: 17    Int: 44    God:    Gozag
Gold:   3490       SH:  0    Dex: 13    Spells: 1/72 levels left

rFire   + + +      SeeInvis +     - Unarmed
rCold   + + +      Faith    .   (shield currently unavailable)
rNeg    + + +      Spirit   .   (helmet currently unavailable)
rPois   +          Reflect  .   d - amulet of Tempters {RegenMP rC+ Int+7}
rElec   +          Harm     .   k - ring "Rysan" {rF+ rC- Str+8 SInv}
rCorr   +          Rampage  .   P - ring "Xobb" {rPois rN+ Will+ Int+4}
Will    +++..                   O - +6 ring of intelligence
Stlth   ++++++....              J - ring of Dogma {Drain rElec rN++ EV+4}
HPRegen 1.37/turn               n - ring of Linearity {rElec rPois rCorr AC+4 Dex-2}
MPRegen 0.76/turn               g - ring of Orerec {Contam +Blink rF+ rC+ rN+}
                                v - ring of Mubom {rF+ rC++ MP+9 Str-2 Stlth+}
                                V - ring "Maeb" {rPois Str+8 Dex+2 Stlth+}

@: mighty, dragon-form, resistant, in a vortex, gold aura, flying (expiring),
hasted, studying 3 skills, very quick
A: dragon claw, dragon scales, breathe fire, flying, boosted hp, almost no
armour, amphibious, 8 rings, giant, (camouflage 1), (gelatinous body 1), (nimble
swimmer 1), (tentacles), (fire resistance 1), regeneration 1
}: 3/15 runes: decaying, serpentine, silver
a: Breathe Fire, End Transformation, Renounce Religion, Evoke Blink, Potion
Petition, Call Merchant, Bribe Branch


You were on level 18 of a ziggurat.
You worshipped Gozag.
Gozag was most pleased with you.
You were a fearsome dragon!
You visited 13 branches of the dungeon, and saw 54 of its levels.
You visited 1 bazaar.
You visited 1 ziggurat, and saw 18 of its levels.
You also visited: Bailey, Gauntlet, Ice Cave and Volcano.

You collected 36832 gold pieces.
You spent 11605 gold pieces at shops.
You paid 21737 gold pieces to Gozag.

Inventory:

Hand Weapons
 b - the +6 mace "Wueli" {vamp, Int+4}
   (You found it on level 12 of a ziggurat)

   It occasionally heals its wielder for a portion of the damage dealt when it
   wounds a living foe.
   Int:       It affects your intelligence (+4).
 G - the +8 trishula "Condemnation" {holy, anguish, *Noise Fly rN+}
   (You found it on level 14 of a ziggurat)

   It has been blessed by the Shining One to cause great damage to the undead
   and demons.
   It inflicts anguish, making its victims' attacks reflect back on them.
   rN:        It protects you from negative energy.
   Fly:       It grants you flight.
   *Noise:    It may make noises in combat.
 N - a +8 quick blade
Missiles
 w - 6 javelins
 B - 6 silver javelins
Armour
 m - the +1 hat "Koobrit" (melded) {rF++}
   (You acquired it on level 11 of the Dungeon)

   rF:        It greatly protects you from fire.
 r - a +3 buckler of resistance (melded)
Jewellery
 d - the amulet of Tempters (around neck) {RegenMP rC+ Int+7}
   (You bought it in a shop on level 11 of the Dungeon)

   [amulet of magic regeneration]

   It increases your rate of magic regeneration.
   Int:       It affects your intelligence (+7).
   rC:        It protects you from cold.
 e - a ring of wizardry
 g - the ring of Orerec (on tentacle) {Contam +Blink rF+ rC+ rN+}
   (You bought it in a shop on level 11 of the Dungeon)

   [ring of protection from cold]

   rF:        It protects you from fire.
   rC:        It protects you from cold.
   rN:        It protects you from negative energy.
   +Blink:    It lets you blink.
   Contam:    It causes magical contamination when unequipped.
 i - the ring of Pride {rF++ rC+}
   (You found it on level 17 of a ziggurat)

   [ring of protection from cold]

   rF:        It greatly protects you from fire.
   rC:        It protects you from cold.
 k - the ring "Rysan" (left foreclaw) {rF+ rC- Str+8 SInv}
   (You acquired it on level 3 of the Lair of Beasts)

   [ring of protection from fire]

   Str:       It affects your strength (+8).
   rF:        It protects you from fire.
   rC:        It makes you vulnerable to cold.
   SInv:      It lets you see invisible.
 n - the ring of Linearity (on tentacle) {rElec rPois rCorr AC+4 Dex-2}
   (You took it off a deep elf blademaster on level 3 of the Elven Halls)

   [ring of protection]

   AC:        It affects your AC (+4).
   Dex:       It affects your dexterity (-2).
   rElec:     It insulates you from electricity.
   rPois:     It protects you from poison.
   rCorr:     It protects you from acid and corrosion.
 q - the amulet "Zoedaitu" {RegenMP Regen+ rCorr Str+2}
   (You found it on level 13 of a ziggurat)

   [amulet of magic regeneration]

   It increases your rate of magic regeneration.
   Str:       It affects your strength (+2).
   Regen:     It increases your rate of health regeneration.
   rCorr:     It protects you from acid and corrosion.
 v - the ring of Mubom (on tentacle) {rF+ rC++ MP+9 Str-2 Stlth+}
   (You acquired it on level 3 of the Lair of Beasts)

   [ring of magical power]

   Str:       It affects your strength (-2).
   rF:        It protects you from fire.
   rC:        It greatly protects you from cold.
   MP:        It affects your magic capacity (+9).
   Stlth:     It makes you more stealthy.
 z - the ring of Vodka {rF+ rN+ Int+4 Dex-4}
   (You found it on level 17 of a ziggurat)

   [ring of positive energy]

   Int:       It affects your intelligence (+4).
   Dex:       It affects your dexterity (-4).
   rF:        It protects you from fire.
   rN:        It protects you from negative energy.
 J - the ring of Dogma (on tentacle) {Drain rElec rN++ EV+4}
   (You took it off a hell knight on level 5 of the Vaults)

   [ring of evasion]

   EV:        It affects your evasion (+4).
   rElec:     It insulates you from electricity.
   rN:        It greatly protects you from negative energy.
   Drain:     It drains your maximum health when unequipped.
 L - the ring "Oblegethri" {Will+ EV+4 Stlth+}
   (You found it on level 16 of a ziggurat)

   [ring of evasion]

   EV:        It affects your evasion (+4).
   Will:      It increases your willpower.
   Stlth:     It makes you more stealthy.
 O - a +6 ring of intelligence (on tentacle)
 P - the ring "Xobb" (right foreclaw) {rPois rN+ Will+ Int+4}
   (You found it on level 3 of the Crypt)

   [ring of positive energy]

   Int:       It affects your intelligence (+4).
   rPois:     It protects you from poison.
   rN:        It protects you from negative energy.
   Will:      It increases your willpower.
 Q - the ring of Dympue {Fly Will+ Int+4}
   (You bought it in a shop on level 3 of the Snake Pit)

   [ring of flight]

   Int:       It affects your intelligence (+4).
   Fly:       It grants you flight.
   Will:      It increases your willpower.
 V - the ring "Maeb" (on tentacle) {rPois Str+8 Dex+2 Stlth+}
   (You found it on level 5 of the Vaults)

   [ring of poison resistance]

   Str:       It affects your strength (+8).
   Dex:       It affects your dexterity (+2).
   rPois:     It protects you from poison.
   Stlth:     It makes you more stealthy.
 Z - the ring "Sino Laph" {EV+4 SInv}
   (You found it on level 12 of a ziggurat)

   [ring of evasion]

   EV:        It affects your evasion (+4).
   SInv:      It lets you see invisible.
Wands
 K - a wand of light (23)
 M - a wand of roots (51)
 R - a wand of mindburst (5)
Scrolls
 a - 7 scrolls of amnesia
 c - 4 scrolls of teleportation
 f - 22 scrolls of blinking
 j - 2 scrolls of enchant weapon
 o - 20 scrolls of fog
 A - a scroll of enchant armour
 F - a scroll of poison
 I - 3 scrolls of silence
 S - a scroll of fear
 T - a scroll of brand weapon
 W - a scroll of magic mapping
 X - 5 scrolls of summoning
Potions
 l - 27 potions of curing
 t - 10 potions of haste
 u - 7 potions of brilliance
 x - 6 potions of invisibility
 C - 3 potions of cancellation
 D - 15 potions of might
 E - 7 potions of mutation
 H - 10 potions of heal wounds
 Y - 4 potions of magic
Miscellaneous
 h - a phantom mirror
 p - a lightning rod (4/4)
 s - a condenser vane
 y - a phial of floods


   Skills:
 + Level 15.8 Fighting
 - Level 15.0 Dodging
 - Level 10.0 Stealth
 - Level 4.0 Shields
 + Level 23.8 Unarmed Combat
 + Level 23.4 Spellcasting
 - Level 6.0 Conjurations
 - Level 15.0 Necromancy
 - Level 12.0 Translocations
 - Level 15.0 Transmutations
 - Level 22.5 Ice Magic
 - Level 11.3 Air Magic
 * Level 13.9 Earth Magic
 - Level 15.0 Evocations


You had one spell level left.
You knew the following spells:

 Your Spells              Type           Power      Damage    Failure   Level
a - Blink                 Tloc           100%       N/A       0%          2
b - Borgnjor's Vile Clut  Necr/Erth      54%        N/A       1%          5
c - Apportation           Tloc           100%       N/A       0%          1
d - Wereblood             Tmut           100%       N/A       0%          2
e - Ozocubu's Armour      Ice            100%       N/A       0%          3
f - Petrify               Tmut/Erth      100%       N/A       0%          4
g - Irradiate             Conj/Tmut      48%        3d29      1%          5
h - Dragon Form           Tmut           55%        N/A       1%          7
i - Necromutation         Tmut/Necr      55%        N/A       4%          8
j - Lesser Beckoning      Tloc           100%       N/A       0%          3
k - Manifold Assault      Tloc           100%       N/A       1%          5
l - Dispel Undead         Necr           100%       3d31      0%          4
m - Statue Form           Tmut/Erth      72%        N/A       1%          6
n - Storm Form            Tmut/Air       53%        N/A       1%          7
o - Polar Vortex          Ice            64%        N/A       3%          9

Your spell library contained the following spells:

 Spells                   Type           Power      Damage    Failure   Level
 Beastly Appendage        Tmut           100%       N/A       0%          1
 Freeze                   Ice            100%       1d11      0%          1
 Necrotise                Necr           100%       1d9       0%          1
 Shock                    Conj/Air       100%       1d9       0%          1
 Magic Dart               Conj           100%       1d8       1%          1
 Slow                     Hex            100%       N/A       1%          1
 Summon Small Mammal      Summ           100%       N/A       1%          1
 Ensorcelled Hibernation  Hex/Ice        100%       N/A       0%          2
 Passwall                 Tmut/Erth      90%        N/A       0%          2
 Static Discharge         Conj/Air       91%        3-15/arc  0%          2
 Sublimation of Blood     Necr           100%       N/A       0%          2
 Frozen Ramparts          Ice            100%       1d12      0%          3
 Gell's Gravitas          Tloc           100%       N/A       0%          3
 Stone Arrow              Conj/Erth      100%       3d13      0%          3
 Swiftness                Air            100%       N/A       0%          3
 Teleport Other           Tloc           100%       N/A       0%          3
 Vampiric Draining        Necr           100%       2d13      0%          3
 Hailstorm                Conj/Ice       100%       3d20      0%          4
 Ice Form                 Ice/Tmut       100%       N/A       0%          4
 Call Imp                 Summ           51%        N/A       1%          2
 Poisonous Vapours        Pois/Air       100%       N/A       1%          2
 Scorch                   Fire           100%       2d10      1%          2
 Searing Ray              Conj           100%       2d8       1%          2
 Call Canine Familiar     Summ           51%        N/A       1%          3
 Confusing Touch          Hex            51%        N/A       1%          3
 Conjure Flame            Conj/Fire      67%        6-21      1%          3
 Dazzling Flash           Conj/Hex       100%       N/A       1%          3
 Ignite Poison            Fire/Tmut/Pois 77%        N/A       1%          3
 Mephitic Cloud           Conj/Pois/Air  80%        N/A       1%          3
 Portal Projectile        Hex/Tloc       100%       N/A       1%          3
 Spider Form              Tmut/Pois      87%        N/A       1%          3
 Summon Guardian Golem    Hex/Summ       51%        N/A       1%          3
 Airstrike                Air            50%        0-16+     1%          4
 Anguish                  Hex/Necr       43%        N/A       1%          4
 Flame Wave               Conj/Fire      67%        2d12      1%          4
 Fulminant Prism          Conj/Hex       33%        3d16      1%          4
 Iskenderun's Mystic Bla  Conj/Tloc      92%        2d18      1%          4
 Leda's Liquefaction      Hex/Erth       42%        N/A       1%          4
 Passage of Golubria      Tloc           100%       N/A       1%          4
 Sticky Flame             Conj/Fire      67%        2d8       1%          4
 Summon Ice Beast         Ice/Summ       100%       N/A       1%          4
 Summon Lightning Spire   Summ/Air       79%        N/A       1%          4
 Agony                    Necr           100%       N/A       1%          5
 Alistair's Intoxication  Tmut/Pois      58%        N/A       1%          5
 Blade Hands              Tmut           55%        N/A       1%          5
 Freezing Cloud           Conj/Ice/Air   53%        6-21      1%          5
 Iskenderun's Battlesphe  Conj           81%        2d13      1%          5
 Lee's Rapid Deconstruct  Erth           54%        3d26*     1%          5
 Lightning Bolt           Conj/Air       45%        1d65      1%          5
 Metabolic Englaciation   Hex/Ice        50%        N/A       1%          5
 Silence                  Hex/Air        39%        N/A       1%          5
 Summon Forest            Summ/Tloc      40%        N/A       1%          5
 Yara's Violent Unravell  Hex/Tmut       43%        3d17      1%          5
 Conjure Ball Lightning   Conj/Air       45%        3x3d16    1%          6
 Death Channel            Necr           55%        N/A       1%          6
 Dispersal                Tloc           51%        N/A       1%          6
 Iron Shot                Conj/Erth      48%        9d9       1%          6
 Ozocubu's Refrigeration  Ice            64%        4d17      1%          7
 Fireball                 Conj/Fire      33%        3d14      2%          5
 Eringya's Noxious Bog    Tmut/Pois      43%        N/A       2%          6
 Cause Fear               Hex            25%        N/A       3%          4
 Olgreb's Toxic Radiance  Pois           51%        N/A       3%          4
 Borgnjor's Revivificati  Necr           55%        N/A       4%          8
 Infestation              Necr           55%        N/A       4%          8
 Summon Mana Viper        Hex/Summ       51%        N/A       10%         5
 Haunt                    Necr/Summ      43%        N/A       13%         7
 Starburst                Conj/Fire      33%        6d10      16%         6
 Disjunction              Tloc           51%        N/A       16%         8
 Maxwell's Capacitive Co  Air            50%        ∞         22%         8
 Orb of Destruction       Conj           40%        9d11      24%         7
 Lehudib's Crystal Spear  Conj/Erth      48%        10d11     36%         8
 Summon Cactus Giant      Summ           25%        N/A       45%         6
 Death's Door             Necr           55%        N/A       58%         9
 Spellforged Servitor     Conj/Summ      33%        N/A       63%         7
 Shatter                  Erth           54%        3d41*     75%         9
 Enfeeble                 Hex            25%        N/A       96%         7
 Monstrous Menagerie      Summ           25%        N/A       96%         7
 Summon Hydra             Summ           25%        N/A       96%         7
 Discord                  Hex            25%        N/A       100%        8
 Ignition                 Fire           25%        3d9       100%        8
 Chain Lightning          Conj/Air       45%        3d60      100%        9
 Dragon's Call            Summ           25%        N/A       100%        9
 Fire Storm               Conj/Fire      33%        8d9       100%        9
 Animate Dead             Necr           Unusable   N/A       N/A         4
 Animate Armour           Summ/Erth      Unusable   N/A       N/A         4
 Corpse Rot               Necr/Pois/Air  Unusable   N/A       N/A         4
 Simulacrum               Ice/Necr       Unusable   N/A       N/A         6

Dungeon Overview and Level Annotations

Branches:
Dungeon (15/15)            Temple (1/1) D:4            Lair (6/6) D:11
  Swamp (4/4) Lair:3        Snake (4/4) Lair:4        Slime (0/5) Lair:5
    Orc (2/2) D:11            Elf (3/3) Orc:2        Vaults (5/5) D:13
  Crypt (3/3) Vaults:3       Tomb (1/3) Crypt:3      Depths (4/4) D:15
   Hell (visited)             Dis (0/7) Hell            Geh (0/7) Hell
    Coc (0/7) Hell            Tar (0/7) Hell            Zot (5/5) Depths:4
 Bailey (visited)           IceCv (visited)         Volcano (visited)
Gauntlet (visited)

Altars:
Ashenzari
Cheibriados
Dithmenos
Elyvilon
Fedhas
Gozag
Hepliaklqana
Kikubaaqudgha
Makhleb
Nemelex Xobeh
Okawaru
Qazlal
Ru
Sif Muna
Trog
Uskayaw
Vehumet
Wu Jian
Xom
Yredelemnul
Zin
The Shining One
Jiyva
Lugonu

Shops:
D:4 [   D:5 *(!   D:11 =:=:*?*?:=*:   Orc:2 (=[:   Elf:3 :=:   Snake:3 =
Snake:4 :   Vaults:1 *   Vaults:2 (*   Vaults:3 *   Zot:5 ***

Portals:
Hell: Depths:1 Depths:2 Depths:3 Depths:4
Abyss: Snake:3 Depths:3 Depths:4
Pandemonium: Depths:2


Innate Abilities, Weirdness & Mutations

You are a fearsome dragon!
You have a powerful clawing attack.
Your giant scaled body is strong and resiliant, but less evasive.
You can breathe fire.
You are flying.
Your maximum health is greatly increased.
Your armour is entirely melded.
You are incapable of wielding weapons or throwing items.
You cannot wear most types of armour.
You are amphibious.
You can wear up to eight rings at the same time.
((Your skin changes colour to match your surroundings (Stealth+).))
((Your rubbery body absorbs attacks. (AC +1, EV +1)))
((You are camouflaged when in or above water. (Stealth+)))
((You have tentacles for arms and can constrict up to eight enemies at once.))
((Your flesh is heat resistant. (rF+)))
Your natural rate of healing is unusually fast.


Message History

You claw the iron golem! You claw the iron golem!!
The iron golem is lightly damaged.
The iron golem hits you.
* * * LOW HITPOINT WARNING * * *
The iron golem barely misses you.
Unknown command. [a] - 378 gold - resistance and invisibility [b] - 504 gold - resistance, might and haste [c] - 500 gold - haste and resistance Purchase which effect?
You feel protected.
You feel mightier all of a sudden.
You feel as though your hastened speed will last longer.
The Hell Sentinel is no longer distracted by gold. x2
The Hell Sentinel is distracted by your dazzling golden aura.
The Hell Sentinel gestures at you. The iron shot misses you.
The crystal echidna is distracted by your dazzling golden aura.
Okay, then.
The Hell Sentinel roars!
You maul the iron golem!!!!
You tail-slap the iron golem, but do no damage.
You claw the iron golem!
The iron golem is heavily damaged.
The iron golem completely misses you. The iron golem hits you!!
* * * LOW HITPOINT WARNING * * *
You feel much better. The iron golem barely misses you.
The iron golem hits you!!
* * * LOW HITPOINT WARNING * * *
Unknown command.
You maul the iron golem!!!!
You tail-slap the iron golem, but do no damage.
You bite the iron golem.
You destroy the iron golem!
The crystal echidna throws crystal bolt at you.
The crystal bolt freezes you. You resist.
* * * LOW HITPOINT WARNING * * *
The Hell Sentinel gestures at you. The iron shot hits you!!!
You die...
Your body crumbles into a pile of gold.

▓▓▓▓▓▓▓▓▓
........▓
........▓
........▓
........▓▓▓▓▓▓▓▓▓▓
............§§§§§▓
..........$.§§§§§▓
..........r.§§§§§▓
.......r..r.§§§§D▓
.........1..§§§§§▓
1...........§§§§1▓
..........$.§§§§§▓
............r§§§§▓
.................▓
.................▓
.................▓
........▓▓▓▓▓▓▓▓▓▓


You could see 2 Hell Sentinels and 3 crystal echidnas.

Vanquished Creatures
  2 orbs of fire (Zot:5)
  Mara (Swamp:4)
  5 dread liches
  4 ancient liches
  7 pandemonium lords (Zig:16)
  2 juggernauts
  4 royal mummies
  Josephina (Depths:3)
  Sojobo (Depths:4)
  Parghit (Depths:4)
  Bai Suzhen (Elf:3)
  13 Killer Klowns
  A shard shrike (Zig:9)
  Frederick (Vaults:4)
  Vv (Zot:1)
  Vashnia (Snake:2)
  A curse toe (Zot:2)
  Saint Roka (Depths:4)
  5 caustic shrikes
  Geryon (Hell)
  16 golden dragons
  Jory (Depths:3)
  2 bone dragons
  4 Tzitzimimeh (Depths:4)
  13 electric golems
  A Brimstone Fiend (Zig:13)
  5 doom hounds
  12 hellephants
  3 Ice Fiends
  6 Hell Sentinels (Zig:18)
  4 searing wretches (Zig:13)
  13 tentacled monstrosities
  25 Orb Guardians (Zot:5)
  Grunn (Depths:4)
  11 liches
  6 quicksilver dragons
  3 deep elf blademasters
  2 deep elf master archers (Elf:3)
  A walking frostbound tome (Depths:2)
  An ancient champion (Crypt:2)
  7 titans
  An acid blob (Zig:6)
  7 death cobs
  2 thorn hunters
  13 sphinxes
  17 storm dragons
  10 shadow dragons
  Kirke (D:13)
  3 revenants
  5 nagarajas (Snake:4)
  9 tengu reavers
  11 fire giants
  Donald (Snake:3)
  A rockslime (Zig:6)
  A nargun (Zig:1)
  3 draconian monks
  3 orc warlords
  5 draconian knights
  A fenstrider witch (shapeshifter) (Zig:16)
  4 iron dragons
  17 vault wardens
  6 ghost moths
  3 quicksilver elementals (Zig:18)
  17 frost giants
  Aizul (Snake:2)
  An emperor scorpion (Zig:2)
  Louise (Swamp:4)
  5 deep elf sorcerers
  A cacodemon (Hell)
  2 deep elf elementalists (Elf:3)
  3 balrugs (Zig:13)
  2 draconian scorchers
  5 curse skulls
  6 draconian stormcallers
  6 ghouls
  6 draconian shifters
  28 ironbound preservers
  A draconian annihilator (Zot:5)
  15 very ugly things
  A broodmother (Zig:11)
  6 war gargoyles
  2 spriggan defenders (Depths:2)
  9 stone giants
  15 ironbound thunderhulks
  A caustic shrike skeleton (Crypt:2)
  4 bennus (Tomb:1)
  2 putrid mouths (Depths:4)
  3 reapers (Hell)
  5 yellow draconians
  11 vampire knights
  A lorocyproca (Hell)
  A minotaur (Gauntlet)
  6 deep elf annihilators
  4 deep elf demonologists
  An eleionoma (shapeshifter) (Zig:16)
  4 eleionomae
  11 purple draconians
  15 green draconians
  9 dire elephants
  5 entropy weavers
  8 black draconians
  5 bunyips
  A dire elephant (shapeshifter) (Zig:16)
  12 white draconians
  14 spark wasps
  9 red draconians
  5 eidola
  15 ettins
  8 deep elf death magi
  A green death (Zig:17)
  Snorg (D:13)
  3 iron golems (Zig:18)
  2 blizzard demons
  15 jiangshi
  7 mummy priests
  3 deep elf high priests
  A hydra (shapeshifter) (Vaults:5)
  20 yaktaur captains
  10 fire dragons
  9 ice dragons
  8 shambling mangroves
  Fannar (Lair:3)
  5 great orbs of eyes
  33 hydras
  39 vault guards
  16 ironbound frosthearts
  A peacekeeper (Vaults:3)
  A catoblepas (Zig:14)
  A hell beast (Depths:2)
  2 rakshasas (Depths:1)
  Harold (Lair:2)
  2 salamander tyrants
  2 ogre magi (Vaults:5)
  5 boulder beetles
  A juggernaut simulacrum (Depths:3)
  2 spriggan skeletons (Crypt:3)
  An Orb Guardian zombie (Crypt:1)
  2 ghost crabs
  2 jorogumos
  2 centaur warriors (D:14)
  10 anacondas
  6 two-headed ogres
  4 death knights
  A fenstrider witch skeleton (Crypt:1)
  2 radroaches
  14 alligators
  9 spriggan air magi
  A death yak (Zig:14)
  7 deep troll shamans
  14 naga warriors
  3 death scarabs
  2 tengu warriors (Depths:2)
  7 hell hogs
  A titan zombie (Crypt:1)
  6 deep troll earth magi
  6 orc high priests
  15 naga sharpshooters
  Urug (Orc:1)
  11 vampire magi
  7 spriggan berserkers
  37 hell knights
  Sonja (D:10)
  12 shock serpents
  3 soul eaters
  2 crystal echidnas (Zig:18)
  19 deep elf knights
  A storm dragon zombie (Zig:4)
  8 sun demons
  2 fire crabs (shapeshifter) (Vaults:5)
  10 iron trolls
  9 skeletal warriors
  3 pharaoh ants
  3 shadow wraiths
  2 salamander mystics
  9 goliath frogs
  2 sun moths (Zig:10)
  89 deep trolls
  9 naga ritualists
  2 death drakes (Zig:17)
  A sixfirhy (Hell)
  6 glowing orange brains
  6 orb spiders
  4 obsidian statues
  7 spriggan druids
  14 wizards
  A tengu zombie (Vaults:4)
  2 anaconda skeletons (Hell)
  4 steelbarb worms
  19 flayed ghosts
  9 deep elf archers
  An orb spider (shapeshifter) (Vaults:5)
  A shadow dragon zombie (Crypt:2)
  18 swamp dragons
  21 phantasmal warriors
  7 lindwurms
  3 orange crystal statues
  25 ironbound convokers
  6 bog bodies
  27 deep elf pyromancers
  4 harpies (Vaults:3)
  4 manticores
  27 deep elf zephyrmancers
  9 mana vipers
  13 necromancers
  5 orc knights
  A sphinx zombie (Vaults:3)
  40 ugly things
  8 orc sorcerers
  A cyclops (shapeshifter) (Zig:16)
  6 will-o-the-wisps
  4 wolf spiders
  8 cyclopes
  12 salamanders
  7 fire giant skeletons (Crypt:3)
  23 moths of wrath
  11 naga magi
  2 apocalypse crabs (Zig:16)
  3 centaur zombies
  2 frost giant skeletons
  6 guardian serpents
  An eye of devastation (Zig:6)
  An eye of devastation (shapeshifter) (Depths:1)
  22 elephants
  An orange demon (Hell)
  47 black mambas
  20 vault sentinels
  2 dire elephant zombies
  A titan simulacrum (Depths:3)
  8 rust devils (Hell)
  A torpor snail (Zig:11)
  Maggie (D:6)
  5 smoke demons
  2 centaur skeletons
  A storm dragon simulacrum (Depths:3)
  4 ice statues
  2 alligator snapping turtle zombies
  8 gargoyles
  11 rime drakes
  19 cane toads
  3 hellions
  3 demonic crawlers
  12 komodo dragons
  A dire elephant skeleton (Crypt:1)
  3 kobold demonologists (D:11)
  29 yaktaurs
  3 tengu conjurers (Depths:2)
  9 ice devils
  3 human zombies
  A mana viper zombie (Crypt:2)
  2 tormentors (Zig:13)
  11 freezing wraiths
  2 hellwings (Depths:2)
  3 hydra zombies (Hell)
  2 harpy zombies
  5 tyrant leeches
  2 bloated husks
  12 guardian mummies
  14 polar bears
  28 hornets
  9 trolls
  2 tengu simulacra
  4 tarantellas
  A merfolk (shapeshifter) (Vaults:5)
  Prince Ribbit (D:6)
  A harpy skeleton (Crypt:3)
  40 slime creatures
  A raiju (shapeshifter) (Vaults:5)
  A wolf spider simulacrum (Gauntlet)
  3 raiju (Zig:15)
  7 blink frogs
  Grinder (D:3)
  18 dream sheep
  A hydra skeleton (Hell)
  2 jumping spiders (shapeshifter)
  A stone giant simulacrum (Crypt:1)
  An ettin skeleton (Vaults:3)
  3 culicivoras
  8 water elementals
  18 flying skulls
  3 jumping spiders
  Sigmund (D:6)
  A black mamba zombie (Crypt:2)
  7 air elementals
  9 shadows
  4 centaur simulacra
  9 fire dragon skeletons (Crypt:3)
  6 vampires
  A wind drake zombie (Crypt:2)
  A wyvern (shapeshifter) (D:14)
  5 ushabtiu
  Eustachio (D:8)
  3 ice dragon skeletons
  15 wraiths
  51 yaks
  8 humans (D:13)
  22 spriggans
  3 wyverns
  6 steam dragons
  2 hogs (D:13)
  3 chaos spawn
  A neqoxec (Depths:2)
  4 basilisks
  4 fire elementals
  A yaktaur simulacrum (Vaults:1)
  11 vampire mosquitoes
  A redback (shapeshifter) (Zig:16)
  5 redbacks
  Menkaure (D:7)
  2 harpy simulacra
  33 nagas
  A glowing shapeshifter zombie (Vaults:1)
  11 swamp worms
  5 wargs
  2 acid dragons
  A hell hound (Volcano)
  A floating eye (shapeshifter) (Depths:2)
  16 swamp drakes
  23 water moccasins
  Duvessa (D:6)
  36 orc warriors
  6 black bears
  A dream sheep zombie (Crypt:1)
  An elf simulacrum (Vaults:1)
  5 ice beasts
  15 centaurs
  8 ogres
  5 boggarts (Lair:6)
  A swamp dragon skeleton (Crypt:1)
  53 wolves
  A golden eye zombie (Crypt:1)
  A manticore skeleton (Crypt:1)
  A phantom (D:4)
  A vine stalker zombie (Crypt:2)
  4 kobold brigands
  19 bullfrogs
  2 gnoll sergeants
  5 scorpions
  A human skeleton (Vaults:1)
  A glowing shapeshifter simulacrum (Vaults:1)
  3 necrophages
  12 wights
  Dowan (D:6)
  2 spriggan zombies
  17 killer bees
  3 floating eye simulacra (Depths:3)
  A warg skeleton (Crypt:1)
  6 howler monkeys
  A polar bear skeleton (Crypt:1)
  4 crimson imps (Gauntlet)
  3 jellies
  5 hounds
  17 orc priests
  7 iguanas
  6 hell rats (Hell)
  Natasha (thrice) (D:2)
  21 orc wizards
  A boggart skeleton (D:15)
  2 naga skeletons
  An acid dragon skeleton (Crypt:2)
  16 mummies
  15 gnolls
  5 adders
  A steam dragon skeleton (Crypt:1)
  2 white imps
  An ufetubus (Vaults:1)
  6 dart slugs
  61 orcs
  A bat zombie (D:4)
  5 endoplasms
  2 giant cockroaches
  12 goblins
  10 hobgoblins
  5 jackals
  28 kobolds
  2 quokkas
  14 ball pythons
  4 bats
  4 frilled lizards
  A goblin skeleton (Crypt:2)
  A quokka skeleton (Crypt:2)
  7 rats
  A rat zombie (D:4)
  2 creeping infernos (Hell)
  7 fire vortices (Hell)
2744 creatures vanquished.

Vanquished Creatures (collateral kills)
  A kobold brigand (D:6)
1 creature vanquished.

Vanquished Creatures (others)
  The ghost of RBrandon the Slayer, a veteran PaGl of Ashenzari (Zot:5)
  A quicksilver dragon (Zot:5)
  A draconian knight (Zot:2)
  A draconian scorcher (Zot:5)
  A ghost moth (Zot:5)
  A green draconian (Zot:5)
  A red draconian (Zot:5)
  A spark wasp (Zig:10)
  30 dancing weapons
  An orange crystal statue (Zig:17)
  A bloated husk (Swamp:4)
  A hornet (Swamp:4)
  2 humans (D:13)
  A wight (D:6)
  An orc priest (Orc:2)
  An adder (D:3)
  An orc (Elf:1)
  25 foxfires
  47 fungi
  2 lurking horrors (Snake:3)
  101 plants
  82 withered plants
304 creatures vanquished.

Grand Total: 3049 creatures vanquished

Notes
Turn   | Place    | Note
-------+----------+-------------------------------------------
     0 | D:1      | scionoferis the Octopode Transmuter began the quest for the
                  | Orb.
     0 | D:1      | Reached XP level 1. HP: 13/13 MP: 3/3
   301 | D:1      | Reached XP level 2. HP: 13/18 MP: 3/5
   764 | D:1      | Reached XP level 3. HP: 23/23 MP: 4/6
  1126 | D:1      | Reached skill level 5 in Stealth
  1126 | D:1      | Reached XP level 4. HP: 31/31 MP: 7/10
  1132 | D:1      | Learned a level 4 spell: Ice Form
  1440 | D:2      | Reached XP level 5. HP: 36/36 MP: 8/11
  1538 | D:2      | Noticed Natasha
  1550 | D:2      | Killed Natasha
  1551 | D:2      | Reached skill level 1 in Ice Magic
  2015 | D:2      | Noticed Natasha
  2020 | D:2      | Killed Natasha
  2074 | D:2      | Noticed Natasha
  2081 | D:2      | Killed Natasha
  2159 | D:2      | You fall into a shaft and drop 2 floors!
  2361 | D:3      | Reached XP level 6. HP: 41/42 MP: 12/12
  2542 | D:2      | Found a faded altar of an unknown god.
  3101 | D:3      | Noticed Grinder
  3119 | D:2      | Gained mutation: You are robust. (+10% HP) [potion of
                  | mutation]
  3119 | D:2      | Gained mutation: You have a pair of small antennae on your
                  | head. [potion of mutation]
  3119 | D:2      | Gained mutation: You are very robust. (+20% HP) [potion of
                  | mutation]
  3507 | D:4      | Found a staircase to the Ecumenical Temple.
  3522 | Temple   | Entered the Ecumenical Temple
  3935 | D:4      | Found Roxkih's Antique Armour Shop.
  3983 | D:4      | Learned a level 1 spell: Apportation
  4004 | D:4      | Reached XP level 7. HP: 51/55 MP: 13/13
  4147 | D:4      | Found an ancient bone altar of Kikubaaqudgha.
  4264 | D:5      | Entered Level 5 of the Dungeon
  4478 | D:5      | Learned a level 2 spell: Wereblood
  4537 | D:5      | Found Xoeh Mur's Antique Weapon Shop.
  4706 | D:4      | Reached XP level 8. HP: 45/61 MP: 12/15
  4890 | D:5      | Bought a pitted dagger for 182 gold pieces
  4890 | D:5      | Identified the +9 dagger of Imbalance {vorpal, rC+} (You
                  | bought it in a shop on level 5 of the Dungeon)
  5078 | D:5      | Reached skill level 5 in Spellcasting
  5178 | D:5      | Found Luereetu's Distillery.
  5283 | D:5      | Found Wokoum's Assorted Antiques.
  5327 | D:5      | Bought a golden potion for 16 gold pieces
  5429 | D:6      | Noticed Prince Ribbit
  5435 | D:6      | Found a shadowy altar of Dithmenos.
  5449 | D:6      | Killed Prince Ribbit
  5825 | D:6      | Noticed Duvessa
  5825 | D:6      | Noticed Dowan
  5848 | D:6      | Killed Dowan
  6055 | D:6      | Killed Duvessa
  6056 | D:6      | Reached skill level 5 in Ice Magic
  6067 | D:5      | Reached XP level 9. HP: 47/68 MP: 13/17
  6247 | D:6      | Noticed Maggie
  6417 | D:6      | Noticed Sigmund
  6823 | D:6      | Learned a level 3 spell: Ozocubu's Armour
  6873 | D:6      | Killed Maggie
  7184 | D:6      | Killed Sigmund
  7940 | D:7      | Found a flagged portal.
  7945 | Bailey   | Entered a bailey
  8001 | Bailey   | Noticed an orc warlord
  8474 | Bailey   | Found a runed translucent gate.
  8476 | Bailey   | Found a runed translucent gate.
  8477 | Bailey   | Found a runed translucent gate.
  8752 | D:7      | Acquired an amulet of the acrobat
  8843 | D:7      | Reached XP level 10. HP: 75/75 MP: 19/19
  9235 | D:7      | Noticed Menkaure
  9958 | D:3      | Killed Grinder
 10045 | D:7      | Killed Menkaure
 10123 | D:7      | Reached skill level 1 in Translocations
 10460 | D:8      | Noticed Eustachio
 10754 | D:8      | Killed Eustachio
 11357 | D:9      | Found a transporter.
 11357 | D:9      | Found a transporter.
 11362 | D:9      | Noticed a cyclops
 11363 | D:9      | Noticed a two-headed ogre
 11727 | D:9      | Noticed a two-headed ogre
 11851 | D:9      | Found a sacrificial altar of Ru.
 11903 | D:9      | Reached XP level 11. HP: 84/84 MP: 17/20
 11920 | D:9      | Reached skill level 5 in Dodging
 12719 | D:9      | Reached skill level 1 in Evocations
 13179 | D:10     | Entered Level 10 of the Dungeon
 13181 | D:10     | Noticed Sonja
 13183 | D:10     | Killed Sonja
 13298 | D:10     | Found a glowing silver altar of Zin.
 14179 | D:10     | Found an opulent altar of Gozag.
 14185 | D:10     | Became a worshipper of Gozag Ym Sagoz the Greedy
 14488 | D:10     | Reached skill level 5 in Fighting
 14801 | D:10     | Got the Compilation of Topological Evolution
 14894 | D:10     | Found a glowing golden altar of the Shining One.
 14899 | D:10     | Found a burning altar of Makhleb.
 14904 | D:10     | Found a blossoming altar of Fedhas.
 15292 | D:10     | Noticed a wizard
 15569 | D:10     | Noticed a two-headed ogre
 15575 | D:10     | Killed a two-headed ogre
 15669 | D:10     | Noticed an eight-headed hydra
 15747 | D:10     | Killed an eight-headed hydra
 16304 | D:10     | Killed a wizard
 16305 | D:10     | Reached XP level 12. HP: 92/92 MP: 19/22
 16815 | D:5      | Bought a shimmering mace for 144 gold pieces
 16815 | D:5      | Identified the +7 mace of Tenacity {speed, rCorr Int+4}
                  | (You bought it in a shop on level 5 of the Dungeon)
 16842 | D:5      | Bought a crude short sword for 208 gold pieces
 16842 | D:5      | Identified the +9 short sword of Dullness {vorpal, rC+
                  | rCorr MP+9} (You bought it in a shop on level 5 of the
                  | Dungeon)
 17029 | D:11     | Found a gate leading to a gauntlet.
 17151 | Gauntlet | Entered a Gauntlet
 17151 | Gauntlet | Found a transporter.
 17152 | Gauntlet | Found a large runed translucent door.
 17153 | Gauntlet | Found a large runed translucent door.
 17154 | Gauntlet | Found a large runed translucent door.
 17154 | Gauntlet | Found a large runed translucent door.
 17154 | Gauntlet | Found a runed translucent door.
 17154 | Gauntlet | Found a runed translucent door.
 17155 | Gauntlet | Found a large runed translucent door.
 17156 | Gauntlet | Found a large runed translucent door.
 17157 | Gauntlet | Found a large runed translucent door.
 17157 | Gauntlet | Found a large runed translucent door.
 17158 | Gauntlet | Found a large runed translucent door.
 17158 | Gauntlet | Found a large runed translucent door.
 17158 | Gauntlet | Found a large runed translucent door.
 17158 | Gauntlet | Found a large runed translucent door.
 17159 | Gauntlet | Found a large runed translucent door.
 17159 | Gauntlet | Found a large runed translucent door.
 17160 | Gauntlet | Found a large runed translucent door.
 17160 | Gauntlet | Found a transporter.
 17160 | Gauntlet | Found a large runed translucent door.
 17182 | Gauntlet | Found a transporter.
 17184 | Gauntlet | Found a transporter.
 17197 | Gauntlet | Found a transporter.
 17212 | Gauntlet | Found a transporter.
 17220 | Gauntlet | Found a transporter.
 17226 | Gauntlet | Noticed a hell hog
 17239 | Gauntlet | Found a transporter.
 17262 | Gauntlet | Found a transporter.
 17274 | Gauntlet | Found a transporter.
 17303 | Gauntlet | Found a transporter.
 17317 | Gauntlet | Found a transporter.
 17326 | Gauntlet | Found a transporter.
 17335 | Gauntlet | Found a transporter.
 17352 | Gauntlet | Found a transporter.
 17375 | Gauntlet | Noticed a cacodemon
 17379 | Gauntlet | Found a transporter.
 17396 | Gauntlet | Found a transporter.
 17398 | Gauntlet | Found a runed translucent gate.
 17398 | Gauntlet | Found a runed translucent gate.
 17398 | Gauntlet | Found a runed translucent gate.
 17450 | Gauntlet | Found a transporter.
 17893 | Gauntlet | Identified the ring of Vaet {rN+ Will- Int+6 Stlth+}
 18047 | Gauntlet | Noticed a minotaur
 18067 | Gauntlet | Killed a minotaur
 18068 | Gauntlet | Reached skill level 10 in Unarmed Combat
 18372 | D:11     | Found a staircase to the Orcish Mines.
 18443 | D:11     | Noticed a five-headed hydra
 18454 | D:11     | Killed a five-headed hydra
 18672 | D:11     | Reached skill level 10 in Transmutations
 18925 | D:11     | Found a staircase to the Lair.
 19141 | D:11     | Noticed a two-headed ogre
 19161 | D:11     | Killed a two-headed ogre
 19874 | D:12     | Reached skill level 5 in Evocations
 20590 | D:12     | Found the +1 cloak of Starlight {*Dazzle EV+4 Stlth--}
 20732 | D:12     | Found the necklace of Bloodlust {*Rage Will++ Int-3 Slay+6}
 21098 | D:12     | Reached XP level 13. HP: 99/99 MP: 21/25
 21204 | D:12     | Learned a level 4 spell: Petrify
 21606 | Lair:1   | Entered Level 1 of the Lair of Beasts
 21777 | Lair:1   | Found a transporter.
 21778 | Lair:1   | Found a transporter.
 22164 | Lair:1   | Reached skill level 1 in Earth Magic
 22603 | Lair:1   | Identified the +2 scale mail of the Game Afoot {Drain Fly
                  | rPois Regen+}
 23468 | Lair:2   | Noticed Harold
 24031 | Lair:2   | Killed Harold
 24437 | Lair:3   | Learned a level 5 spell: Irradiate
 24644 | Lair:3   | Noticed Fannar
 24722 | Lair:3   | Killed Fannar
 24723 | Lair:3   | Reached skill level 1 in Conjurations
 24918 | Lair:3   | Found a staircase to the Swamp.
 25592 | Lair:4   | Found a staircase to the Snake Pit.
 26091 | Lair:3   | Acquired the ring "Rysan" {rF+ rC- Str+8 SInv}
 26093 | Lair:3   | Acquired the ring of Mubom {rF+ rC++ MP+9 Str-2 Stlth+}
 26095 | Lair:3   | Acquired the ring "Zohugowi" {*Slow rF- rN++ Will+++ AC+4}
 26435 | Lair:4   | Reached XP level 14. HP: 108/108 MP: 27/27
 28197 | Lair:5   | Learned a level 7 spell: Dragon Form
 28305 | Lair:5   | Found a viscous altar of Jiyva.
 28306 | Lair:5   | Found a staircase to the Slime Pits.
 28940 | Lair:6   | Entered Level 6 of the Lair of Beasts
 29654 | Lair:6   | Reached skill level 10 in Spellcasting
 30776 | Lair:6   | Reached XP level 15. HP: 114/114 MP: 29/29
 33311 | Swamp:1  | Entered Level 1 of the Swamp
 34016 | D:11     | Bought a brightly glowing morningstar for 180 gold pieces
 34016 | D:11     | Identified the +4 morningstar of the Rat {vorpal, rElec rC+
                  | SInv} (You bought it in a shop on level 11 of the Dungeon)
 34016 | D:11     | Bought a translucent sling for 130 gold pieces
 34016 | D:11     | Identified the +6 sling of No Interval {vorpal, rCorr
                  | Dex+4} (You bought it in a shop on level 11 of the Dungeon)
 34026 | D:11     | Bought a potion of experience for 850 gold pieces
 34028 | D:11     | Reached XP level 16. HP: 123/123 MP: 31/31
 34805 | Swamp:2  | Noticed a thorn hunter
 34824 | Swamp:1  | Killed a thorn hunter
 36007 | Swamp:2  | Learned a level 3 spell: Frozen Ramparts
 36552 | Swamp:3  | Reached XP level 17. HP: 130/130 MP: 32/32
 37045 | D:11     | Bought the ring of Orerec {Contam +Blink rF+ rC+ rN+} for
                  | 624 gold pieces
 37166 | D:13     | Noticed Snorg
 37175 | D:13     | Killed Snorg
 37408 | D:13     | Noticed Kirke
 37421 | D:13     | Killed Kirke
 37540 | D:13     | Identified the +7 great sword of Xuarch {drain, rC+ Str+2}
 37554 | D:13     | Found a gate to the Vaults.
 37907 | D:14     | Found a frozen archway.
 37923 | IceCv    | Entered an ice cave
 38040 | IceCv    | Reached skill level 15 in Unarmed Combat
 38776 | IceCv    | Reached skill level 5 in Translocations
 38924 | IceCv    | Reached skill level 5 in Earth Magic
 38927 | IceCv    | Reached skill level 5 in Conjurations
 40648 | D:15     | Entered Level 15 of the Dungeon
 41299 | D:15     | Reached skill level 15 in Transmutations
 41505 | D:15     | Found a shimmering altar of Xom.
 41732 | D:15     | Found a staircase to the Depths.
 42317 | D:5      | Bought a potion of invisibility for 80 gold pieces
 42317 | D:5      | Bought 2 potions of might for 80 gold pieces
 42317 | D:5      | Bought a potion of brilliance for 40 gold pieces
 42358 | D:5      | Bought a potion of curing for 54 gold pieces
 42358 | D:5      | Bought a scroll of fog for 36 gold pieces
 42358 | D:5      | Bought a potion of curing for 54 gold pieces
 42463 | D:11     | Bought 2 potions of might for 136 gold pieces
 42463 | D:11     | Bought a potion of heal wounds for 85 gold pieces
 42463 | D:11     | Bought a potion of haste for 170 gold pieces
 42464 | D:11     | Bought a scroll of teleportation for 60 gold pieces
 42465 | D:11     | Bought a +4 ring of evasion for 504 gold pieces
 42494 | Orc:1    | Entered Level 1 of the Orcish Mines
 42690 | Orc:2    | Entered Level 2 of the Orcish Mines
 42699 | Orc:2    | Found a dark tunnel.
 42709 | Volcano  | Entered a volcano
 43143 | Orc:2    | Reached XP level 18. HP: 141/141 MP: 34/34
 43192 | Orc:2    | Found a staircase to the Elven Halls.
 43702 | Orc:1    | Noticed Urug
 43714 | Orc:1    | Killed Urug
 44488 | Orc:2    | Found Himoa's Book Shoppe.
 44488 | Orc:2    | Found Acwento's Weapon Shop.
 44492 | Orc:2    | Found Zuhunot's Armour Shoppe.
 44492 | Orc:2    | Found Jaerphahe's Jewellery Shop.
 44924 | Orc:2    | Bought a ring of willpower for 325 gold pieces
 44929 | Orc:2    | Bought a book of Decay for 612 gold pieces
 45080 | Snake:1  | Entered Level 1 of the Snake Pit
 45924 | Snake:1  | Reached skill level 10 in Ice Magic
 47130 | D:11     | Bought a book of Spatial Translocations for 442 gold pieces
 47138 | D:11     | Learned a level 3 spell: Lesser Beckoning
 47144 | D:11     | Learned a level 5 spell: Manifold Assault
 47559 | Snake:2  | Noticed Aizul
 47658 | Snake:2  | Killed Aizul
 48032 | Snake:2  | Noticed Vashnia
 48063 | Snake:2  | Killed Vashnia
 49571 | Snake:3  | Noticed Donald
 49585 | Snake:3  | Killed Donald
 49649 | Snake:3  | Found Afisi's Jewellery Shoppe.
 49655 | Snake:3  | Bought the ring of Dympue {Fly Will+ Int+4} for 654 gold
                  | pieces
 49853 | Snake:3  | Reached skill level 10 in Fighting
 49929 | Snake:3  | Found a corrupted altar of Lugonu.
 49949 | Snake:3  | Reached skill level 10 in Dodging
 50676 | Snake:3  | Found a one-way gate to the infinite horrors of the Abyss.
 51634 | Swamp:4  | Entered Level 4 of the Swamp
 51882 | Swamp:4  | Reached XP level 19. HP: 151/151 MP: 36/36
 52629 | Swamp:4  | Noticed Mara
 52895 | Swamp:4  | Noticed scionoferis's illusion
 53081 | Swamp:4  | Noticed scionoferis's illusion
 53088 | Swamp:4  | Killed Mara
 53753 | Swamp:4  | Noticed Louise
 53846 | Swamp:4  | Killed Louise
 53942 | Swamp:4  | Got a decaying rune of Zot
 54461 | Snake:4  | Entered Level 4 of the Snake Pit
 54503 | Snake:4  | Found Vuhaaramei's Vocational Training.
 54637 | D:11     | Bought a manual of Unarmed Combat for 1360 gold pieces
 56713 | Snake:4  | Got a serpentine rune of Zot
 57287 | Snake:4  | Bought a manual of Evocations for 1360 gold pieces
 57591 | Vaults:1 | Entered Level 1 of the Vaults
 57633 | D:13     | Upgraded the game from 0.29-a0-821-g66395355a5 to
                  | 0.29-a0-823-gc37b1572da
 57768 | Vaults:1 | Found Dargh's Assorted Antiques.
 57817 | Vaults:1 | Reached XP level 20. HP: 99/160 MP: 34/38
 58285 | Vaults:1 | Learned a level 4 spell: Dispel Undead
 58447 | Vaults:1 | Reached skill level 1 in Necromancy
 58523 | Vaults:1 | Reached skill level 10 in Translocations
 59194 | Vaults:1 | Found a huge runed gate.
 59194 | Vaults:1 | Found a huge runed gate.
 59194 | Vaults:1 | Found a huge runed gate.
 59196 | Vaults:1 | Found a huge runed gate.
 59197 | Vaults:1 | Found a huge runed gate.
 59197 | Vaults:1 | Found a huge runed gate.
 59197 | Vaults:1 | Found a huge runed gate.
 59198 | Vaults:1 | Found a huge runed gate.
 59198 | Vaults:1 | Found a huge runed gate.
 59200 | Vaults:1 | Found a huge runed gate.
 59203 | Vaults:1 | Found a huge runed gate.
 59203 | Vaults:1 | Found a huge runed gate.
 59203 | Vaults:1 | Found a huge runed gate.
 59203 | Vaults:1 | Found a huge runed gate.
 59203 | Vaults:1 | Found a huge runed gate.
 59203 | Vaults:1 | Found a huge runed gate.
 59204 | Vaults:1 | Found a huge runed gate.
 59205 | Vaults:1 | Found a huge runed gate.
 59206 | Vaults:1 | Found a huge runed gate.
 59214 | Vaults:1 | Found a huge runed gate.
 59214 | Vaults:1 | Found a huge runed gate.
 59214 | Vaults:1 | Found a huge runed gate.
 59214 | Vaults:1 | Found a huge runed gate.
 59214 | Vaults:1 | Found a huge runed gate.
 59214 | Vaults:1 | Found a huge runed gate.
 59215 | Vaults:1 | Found a huge runed gate.
 59216 | Vaults:1 | Found a huge runed gate.
 59217 | Vaults:1 | Found a huge runed gate.
 59226 | Vaults:1 | Found a huge runed gate.
 59226 | Vaults:1 | Found a huge runed gate.
 59226 | Vaults:1 | Found a huge runed gate.
 59226 | Vaults:1 | Found a huge runed gate.
 59226 | Vaults:1 | Found a huge runed gate.
 59226 | Vaults:1 | Found a huge runed gate.
 59227 | Vaults:1 | Found a huge runed gate.
 59244 | Vaults:1 | Found a huge runed gate.
 61502 | Vaults:2 | Found Rilyenip's Weapon Shop.
 61504 | Vaults:2 | Found Bajeopt's Assorted Antiques.
 61607 | Vaults:2 | Reached skill level 1 in Shields
 63012 | Vaults:3 | Reached skill level 10 in Evocations
 63149 | Vaults:3 | Reached XP level 21. HP: 169/169 MP: 31/39
 63367 | Vaults:3 | Reached skill level 5 in Necromancy
 64101 | Vaults:3 | Found Kelun's Assorted Antiques.
 64109 | Vaults:3 | Bought a blackened brass ring for 160 gold pieces
 64665 | Vaults:3 | Found a staircase to the Crypt.
 64665 | Vaults:3 | Found an ancient bone altar of Kikubaaqudgha.
 64666 | Vaults:3 | Found a basalt altar of Yredelemnul.
 66271 | Vaults:4 | Noticed a golden dragon
 66275 | Vaults:4 | Killed a golden dragon
 67491 | Vaults:4 | Reached XP level 22. HP: 177/177 MP: 40/40
 67504 | Vaults:4 | Reached skill level 15 in Spellcasting
 67821 | Vaults:4 | Noticed Frederick
 67831 | Vaults:4 | Killed Frederick
 69980 | D:11     | Learned a level 6 spell: Statue Form
 70055 | Elf:1    | Entered Level 1 of the Elven Halls
 72046 | Elf:2    | Paralysed by an air elemental for 1 turns
 72049 | Elf:2    | Paralysed by an air elemental for 1 turns
 72249 | Elf:2    | Found a runed translucent gate.
 72249 | Elf:2    | Found a runed translucent gate.
 72251 | Elf:2    | Found a runed translucent gate.
 72623 | Elf:2    | Reached skill level 10 in Stealth
 73518 | Elf:3    | Entered Level 3 of the Elven Halls
 73639 | Elf:3    | Found Baaniaz's Book Emporium.
 73639 | Elf:3    | Found Ken Hieka's Jewellery Boutique.
 73640 | Elf:3    | Found Hangagodgh's Book Emporium.
 74251 | Elf:3    | Gained mutation: You occasionally lose the ability to read
                  | scrolls when taking damage. [a cacodemon]
 74269 | Elf:3    | Reached XP level 23. HP: 187/187 MP: 33/42
 74487 | Elf:3    | Noticed Bai Suzhen
 74990 | Elf:3    | Killed Bai Suzhen
 75149 | Elf:3    | Identified the +3 robe of Ozatze Ofih {Regen+}
 75265 | Elf:3    | Identified the +6 flail of the First Xenophobes {vorpal,
                  | rCorr Int+4}
 75304 | Elf:3    | Identified the +3 plate armour of Negation {rPois rC+
                  | Int-2}
 75305 | Elf:3    | Identified the ring of Linearity {rElec rPois rCorr AC+4
                  | Dex-2}
 75533 | Elf:3    | Identified the +2 whip of Eternal Night {vorpal, Dex+5
                  | Stlth+}
 75556 | Elf:3    | Identified the +2 scale mail of the Orcish Mines {Regen+
                  | Str+3}
 75607 | Elf:3    | Identified the +0 chain mail of the Sneaky Demons {Fly rF+}
 75608 | Elf:3    | Identified the +1 pair of gloves "Enynwal" {Dex+3}
 75950 | Elf:3    | Bought a book of the Sky for 616 gold pieces
 76100 | D:11     | Bought the amulet of Tempters {RegenMP rC+ Int+7} for 821
                  | gold pieces
 76297 | Crypt:1  | Entered Level 1 of the Crypt
 76461 | Crypt:1  | Identified the +7 rapier of Doinegg {antimagic, rPois rN+
                  | Int+5}
 76927 | Crypt:1  | Identified the amulet "Aheed" {Reflect rElec Regen+ Int+3
                  | SH+5}
 76933 | Crypt:1  | Identified the +5 short sword "Toannued" {protect, rPois
                  | Str+3 Dex+4}
 79285 | Crypt:3  | Entered Level 3 of the Crypt
 80205 | Crypt:3  | Reached XP level 24. HP: 195/195 MP: 43/43
 80213 | Crypt:3  | Learned a level 7 spell: Storm Form
 80356 | Crypt:3  | Found a staircase to the Tomb.
 80395 | Crypt:3  | Reached skill level 1 in Air Magic
 80789 | Crypt:3  | Identified the amulet "Bischah" {Harm Fragile Regen+ Int+3}
 80789 | Crypt:3  | Identified the ring of the Nine Loving Hosts {rN+ Int+2
                  | Dex+4 Stlth+}
 80789 | Crypt:3  | Identified the ring "Xobb" {rPois rN+ Will+ Int+4}
 81044 | Crypt:3  | Identified the +8 battleaxe "Grim Tooth" {freeze, +Blink}
 81210 | Crypt:3  | Found an ancient bone altar of Kikubaaqudgha.
 81251 | Crypt:3  | Noticed an ancient lich
 81256 | Crypt:3  | Killed an ancient lich
 83417 | Depths:1 | Entered Level 1 of the Depths
 83503 | Depths:1 | Reached skill level 15 in Evocations
 83531 | Depths:1 | Identified the +1 ring mail "Buprofi Acra" {rC+ rCorr}
 83724 | D:11     | Lost mutation: You occasionally lose the ability to read
                  | scrolls when taking damage. [potion of mutation]
 83724 | D:11     | Lost mutation: You are very robust. (+20% HP) [potion of
                  | mutation]
 83724 | D:11     | Gained mutation: You do not regenerate when monsters are
                  | visible. [potion of mutation]
 83724 | D:11     | Gained mutation: You are resistant to electric shocks.
                  | (rElec) [potion of mutation]
 83728 | D:11     | Lost mutation: You are resistant to electric shocks.
                  | (rElec) [potion of mutation]
 83728 | D:11     | Lost mutation: You are robust. (+10% HP) [potion of
                  | mutation]
 83728 | D:11     | Gained mutation: You are weak. (Str -2) [potion of
                  | mutation]
 83728 | D:11     | Lost mutation: You are weak. (Str -2) [potion of mutation]
 83729 | D:11     | Lost mutation: You do not regenerate when monsters are
                  | visible. [potion of mutation]
 83729 | D:11     | Lost mutation: You have a pair of small antennae on your
                  | head. [potion of mutation]
 83729 | D:11     | Gained mutation: Your flesh is heat resistant. (rF+)
                  | [potion of mutation]
 83729 | D:11     | Gained mutation: Your natural rate of healing is unusually
                  | fast. [potion of mutation]
 83729 | D:11     | Gained mutation: Your mind is acute. (Int +4, Str/Dex -1)
                  | [potion of mutation]
 83739 | D:11     | Bought 2 scrolls of blinking for 300 gold pieces
 83739 | D:11     | Bought a scroll of teleportation for 60 gold pieces
 83858 | Depths:1 | Noticed a juggernaut
 84052 | Depths:1 | Killed a juggernaut
 84145 | Depths:1 | Found a gateway to Hell.
 84384 | Depths:1 | Reached skill level 10 in Necromancy
 84400 | Depths:1 | Found a gateway to a bazaar.
 84436 | Bazaar   | Entered a bazaar
 84436 | Bazaar   | Found Xaemej's Antique Weapon Boutique.
 84443 | Bazaar   | Found Keazar's Antique Armour Shoppe.
 84456 | Bazaar   | Found Oviut's Magic Scroll Shoppe.
 84467 | Bazaar   | Found Mole's General Store.
 84485 | Bazaar   | Found Gutotuzaym's Book Emporium.
 85367 | Depths:2 | Found a one-way gateway to a ziggurat.
 85388 | Depths:2 | Reached skill level 5 in Air Magic
 85765 | Depths:2 | Noticed a juggernaut
 85789 | Depths:2 | Killed a juggernaut
 85790 | Depths:2 | Reached XP level 25. HP: 89/171 MP: 44/44
 86211 | Depths:2 | Found a one-way gate leading to the halls of Pandemonium.
 86288 | Depths:2 | Identified the +6 kite shield of the Sharing Gods {rElec
                  | rF+ Will+}
 87117 | D:11     | Learned a level 5 spell: Borgnjor's Vile Clutch
 87122 | D:11     | Bought a scroll of amnesia for 80 gold pieces
 87320 | Depths:3 | Identified the ring of Moodiness {Ice Str+5 Dex-5}
 87320 | Depths:3 | Noticed Josephina
 87331 | Depths:3 | Killed Josephina
 87510 | Depths:3 | Identified the +10 battleaxe of Kismet {freeze, rElec rF+
                  | rN+ Dex+4}
 87510 | Depths:3 | Noticed Jory
 87525 | Depths:3 | Killed Jory
 89105 | Depths:4 | Entered Level 4 of the Depths
 89188 | Depths:4 | Noticed Sojobo
 89202 | Depths:4 | Killed Sojobo
 89428 | Depths:4 | Noticed Saint Roka
 89446 | Depths:4 | Killed Saint Roka
 89462 | Depths:4 | Noticed Grunn
 89712 | Depths:4 | Killed Grunn
 89753 | Depths:4 | Noticed Parghit
 89758 | Depths:4 | Killed Parghit
 89789 | Depths:4 | Reached skill level 15 in Fighting
 89819 | Depths:4 | Found a gate to the Realm of Zot.
 89831 | Depths:4 | Reached skill level 15 in Dodging
 90080 | Depths:4 | Found a hazy altar of Hepliaklqana.
 90528 | D:11     | Acquired the +1 hat "Koobrit" {rF++}
 90580 | D:11     | Upgraded the game from 0.29-a0-823-gc37b1572da to
                  | 0.29-a0-824-gd827844252
 90862 | Vaults:5 | Entered Level 5 of the Vaults
 90869 | Vaults:5 | Reached skill level 10 in Air Magic
 90870 | Vaults:5 | Reached XP level 26. HP: 180/180 MP: 45/45
 90899 | Vaults:5 | Noticed an ancient lich
 90907 | Vaults:5 | Killed an ancient lich
 90939 | Vaults:5 | Noticed a dread lich
 90952 | Vaults:5 | Killed a dread lich
 91216 | Vaults:5 | Identified the +5 morningstar of Vosooffo {spect, *Rage
                  | Str+4 Int+3 SInv}
 91216 | Vaults:5 | Identified the ring of Dogma {Drain rElec rN++ EV+4}
 91217 | Vaults:5 | Identified the +8 quarterstaff of Symmetry {vorpal, rF+
                  | Will+ Dex+2}
 92029 | Vaults:5 | Got a silver rune of Zot
 92114 | Vaults:5 | Identified the +0 scale mail of the Falcon {*Slow +Inv rC+}
 92126 | Vaults:5 | Identified the +8 spear of Teguun {flame, +Blink Str-2
                  | Int+2}
 92844 | Vaults:5 | Identified the +0 chain mail of Elyvilon's Delight
                  | {*Corrode rF+ Regen+ SInv}
 92893 | Vaults:5 | Identified the ring "Maeb" {rPois Str+8 Dex+2 Stlth+}
 92915 | Vaults:5 | Got the Precepts of Excruciating Guile
 93707 | D:11     | Bought the ring of Shadows {Umbra +Inv Stlth+} for 920 gold
                  | pieces
 93707 | D:11     | Found the ring of Shadows {Umbra +Inv Stlth+}
 93900 | Zot:1    | Entered Level 1 of the Realm of Zot
 94493 | Zot:1    | Noticed Vv
 94523 | Zot:1    | Killed Vv
 94524 | Zot:1    | Reached XP level 27. HP: 93/186 MP: 47/47
 96690 | Zot:3    | You are sucked into a shaft and drop 1 floor!
 97172 | Zot:3    | Reached skill level 15 in Ice Magic
 99355 | Zot:5    | Entered Level 5 of the Realm of Zot
 99385 | Zot:5    | Found a runed translucent gate.
 99385 | Zot:5    | Found a runed translucent gate.
 99385 | Zot:5    | Found an opulent altar of Gozag.
 99386 | Zot:5    | Found a runed translucent gate.
 99408 | Zot:5    | Found Qanafis's Assorted Antiques.
 99416 | Zot:5    | Found Cengurr's Assorted Antiques.
 99417 | Zot:5    | Noticed RBrandon's ghost (veteran PaGl)
 99611 | Zot:5    | Noticed an orb of fire
 99755 | Zot:5    | Found Xual's Changing Room.
100076 | Zot:5    | Killed RBrandon's ghost
100478 | Zot:5    | Bought a scroll of blinking for 262 gold pieces
101122 | Zot:5    | Noticed an ancient lich
101122 | Zot:5    | Noticed a dread lich
101125 | Zot:5    | Killed an ancient lich
101126 | Zot:5    | Killed a dread lich
101199 | Zot:5    | Noticed an orb of fire
101206 | Zot:5    | Lost mutation: Your mind is acute. (Int +4, Str/Dex -1) [an
                  | orb of fire]
101208 | Zot:5    | Killed an orb of fire
101543 | Zot:5    | Identified the +11 rapier of Ebbes {freeze, Str+5}
101619 | Zot:5    | Noticed a dread lich
101627 | Zot:5    | Killed a dread lich
101818 | Zot:5    | Noticed a dread lich
101828 | Zot:5    | Killed a dread lich
101892 | Zot:5    | Noticed an orb of fire
101895 | Zot:5    | Killed an orb of fire
102017 | Zot:5    | Noticed a dread lich
102019 | Zot:5    | Killed a dread lich
102633 | D:11     | Learned a level 9 spell: Polar Vortex
103034 | Tomb:1   | Entered Level 1 of the Tomb of the Ancients
103685 | Tomb:1   | Noticed a royal mummy
103692 | Tomb:1   | Killed a royal mummy
103720 | Tomb:1   | Noticed a royal mummy
103727 | Tomb:1   | Killed a royal mummy
105072 | Hell     | Entered the Vestibule of Hell
105072 | Hell     | Noticed Geryon
105088 | Hell     | Killed Geryon
105454 | Hell     | Found a gateway to the freezing wastes of Cocytus.
105569 | Hell     | Found a gateway to the decaying netherworld of Tartarus.
105611 | Hell     | Found a gateway to the ashen valley of Gehenna.
105745 | Hell     | Found a gateway to the Iron City of Dis.
106501 | Depths:2 | Learned a level 2 spell: Blink
106514 | Zig:1    | Entered Level 1 of a ziggurat
106548 | Zig:2    | Entered Level 2 of a ziggurat
106589 | Zig:3    | Entered Level 3 of a ziggurat
106592 | Zig:3    | Found the +10 tower shield of Ignorance {rN+ Int-4}
106648 | Zig:4    | Entered Level 4 of a ziggurat
106719 | Zig:5    | Entered Level 5 of a ziggurat
106799 | Zig:6    | Entered Level 6 of a ziggurat
106831 | Zig:6    | Identified the +4 hand axe of the Wary Ears {vorpal, Contam
                  | rN+ Str+8 Dex+4}
106870 | Zig:7    | Entered Level 7 of a ziggurat
106887 | Zig:7    | Noticed a royal mummy
106889 | Zig:7    | Noticed a royal mummy
106892 | Zig:7    | Killed a royal mummy
106896 | Zig:7    | Killed a royal mummy
107020 | Zig:7    | Identified the +1 cloak of the Gate {Fly rF+ rC++ Int-3}
107033 | Zig:7    | Identified the +3 broad axe of Decaying Gallantry {flame,
                  | rElec rF+}
107060 | Zig:8    | Entered Level 8 of a ziggurat
107171 | Zig:9    | Entered Level 9 of a ziggurat
107272 | Zig:9    | Reached skill level 10 in Earth Magic
107288 | Zig:10   | Entered Level 10 of a ziggurat
107399 | Zig:11   | Entered Level 11 of a ziggurat
107467 | Zig:11   | Identified the +3 hand axe of Armageddon {vorpal, rElec}
107484 | Zig:11   | Identified the +11 mace "Romedyas" {antimagic, Contam rElec
                  | rPois rC- Will+++}
107486 | Zig:11   | Identified the +5 ring mail "Badec" {Rampage}
107518 | Zig:12   | Entered Level 12 of a ziggurat
107548 | Zig:12   | Noticed an ancient lich
107554 | Zig:12   | Killed an ancient lich
107705 | Zig:12   | Identified the ring "Sino Laph" {EV+4 SInv}
107727 | Zig:12   | Learned a level 8 spell: Necromutation
107735 | Zig:12   | Identified the +6 mace "Wueli" {vamp, Int+4}
107752 | Zig:12   | Identified the +6 dagger "Dauren" {venom, *Corrode rC++
                  | Int+3 Stlth+}
108003 | Zig:13   | Entered Level 13 of a ziggurat
108215 | Zig:13   | Identified the +9 shortbow of Tenacity {venom, rPois}
108219 | Zig:13   | Identified the +0 leather armour of Gluttony {rElec}
108228 | Zig:13   | Identified the amulet "Zoedaitu" {RegenMP Regen+ rCorr
                  | Str+2}
108263 | Zig:14   | Entered Level 14 of a ziggurat
108309 | Zig:14   | Found the +8 trishula "Condemnation" {holy, anguish, *Noise
                  | Fly rN+}
108316 | Zig:14   | Identified the +6 short sword of the Warrior {holy, rElec
                  | rCorr}
108331 | Zig:14   | Identified the +6 mace "Otyteat Xep" {elec, Str+5}
108333 | Zig:14   | Identified the +9 short sword of Disorder {flame, *Noise
                  | *Slow rCorr Str+6 SInv}
108338 | Zig:14   | Identified the +0 plate armour of Mirth {Regen+ Str+2
                  | Dex+2}
108417 | Zig:15   | Entered Level 15 of a ziggurat
108517 | Zig:15   | Found the +5 robe of Night {Dark Will+ SInv}
108563 | Zig:15   | Identified the +11 rapier "Kanwocem" {antimagic, Fly Dex+3}
108582 | Zig:15   | Identified the +5 mace of Diqeled {spect, Will+ Str+2 SInv}
108600 | Zig:15   | Identified the +8 mace of Ceoguly {speed, rPois rF+ rCorr
                  | Dex-5}
108622 | Zig:16   | Entered Level 16 of a ziggurat
108631 | Zig:16   | Noticed Ziriatz the pandemonium lord
108636 | Zig:16   | Noticed Soibeam the pandemonium lord
108642 | Zig:16   | Killed Ziriatz the pandemonium lord
108642 | Zig:16   | Noticed Fewesej the pandemonium lord
108644 | Zig:16   | Reached skill level 15 in Necromancy
108647 | Zig:16   | Noticed Boudyff the pandemonium lord
108653 | Zig:16   | Killed Soibeam the pandemonium lord
108655 | Zig:16   | Noticed Rigreenn the pandemonium lord
108655 | Zig:16   | Noticed Lofos the pandemonium lord
108655 | Zig:16   | Killed Fewesej the pandemonium lord
108656 | Zig:16   | Noticed Lodwiumir the pandemonium lord
108668 | Zig:16   | Killed Lofos the pandemonium lord
108678 | Zig:16   | Killed Boudyff the pandemonium lord
108683 | Zig:16   | Killed Rigreenn the pandemonium lord
108691 | Zig:16   | Killed Lodwiumir the pandemonium lord
108871 | Zig:16   | Identified the ring "Oblegethri" {Will+ EV+4 Stlth+}
108890 | Zig:16   | Identified the +3 broad axe of the Battered Wonders {chaos,
                  | *Slow rPois rCorr Dex+3}
108934 | Zig:17   | Entered Level 17 of a ziggurat
109205 | Zig:17   | Identified the ring of Amohiel {+Blink rCorr Str-5 Int+2}
109214 | Zig:17   | Identified the ring "Byiciav" {rPois rC- rN+ Int+5}
109218 | Zig:17   | Identified the ring of Pride {rF++ rC+}
109224 | Zig:17   | Identified the +6 mace of Puakon {vorpal, Str+4}
109227 | Zig:17   | Identified the ring of Vodka {rF+ rN+ Int+4 Dex-4}
109251 | Zig:18   | Entered Level 18 of a ziggurat
109275 | Zig:18   | Noticed an ancient lich
109367 | Zig:18   | Killed from afar by a Hell Sentinel

Illustrated notes

Levels and vault maps discovered:
D:1:      dpeg_arrival_houses_and_road, layout_loops_ring, st_stairs_7,
          chequers_serial_rivers_micro_c
D:2:      layout_basic, shapermc_ecumenical_altar_mp_vishouse,
          minmay_misc_feat_alley, serial_bayou_pond_c, minmay_circle_x,
          uniq_natasha
D:3:      layout_rooms, chequers_big_river, grunt_ministairs_1,
          lemuel_flame_loot_1, uniq_grinder
D:4:      layout_rooms, lemuel_zombie_altar_kikubaaqudgha,
          minmay_temple_entry_arrows, serial_shops, shop
D:5:      layout_rooms, serial_shops, nicolae_shop_crystal,
          nicolae_shop_window_shopping, shop, st_stairs_14
D:6:      layout_rooms, mainiacjoe_overflow_tiny_flanked, uniq_sigmund,
          uniq_duvessa, uniq_prince_ribbit1, uniq_maggie
D:7:      layout_basic, enter_bailey_4, serial_glass, glass_columns_a,
          glass_columns_a, uniq_menkaure
D:8:      layout_rooms, lightli_ossuary_entry_decrepit_ruins,
          minmay_strange_pillars, hangedman_decor_push,
          chequers_serial_rivers_micro_c, sword_in_stone
D:9:      gammafunk_beogh_shrine, layout_gridville, hangedman_ru_absence,
          minmay_chambers_of_fives
D:10:     nicolae_cairo_tiling_large, layout_loops_ring,
          pdpol_temple_overflow_zin_treasury_gozag_greed,
          minmay_overflow_temple_star_quad, nzn_random_ring, uniq_sonja
D:11:     minmay_recursive_quarters, layout_rooms, gauntlet_entry_generic,
          minmay_fractal_squares_gapless_5
D:12:     layout_irregular_city, minivault_15, ebering_dispersal_statue_hall
D:13:     layout_cave_pools, ximxim_vaults_locker_room, uniq_snorg, uniq_kirke
D:14:     layout_loops_ring, portal_ice_cave_entry_pillars_1,
          grunt_decor_arrowhead, minivault_24
D:15:     grunt_enter_depths_magical_seal, layout_loops_corners,
          xom_teletrap_fun
Temple:   dpeg_chambers_temple
Lair:1:   gammafunk_boulding_lane, layout_misc_corridors,
          grunt_forest_large_clearing_hut
Lair:2:   nzn_winding_woodlands_small [nzn_winding_woodlands_5x15_crooked,
          nzn_winding_woodlands_center_pierced_h,
          nzn_winding_woodlands_5x15_river_crossing], layout_regular_city,
          lemuel_fruit_tree, uniq_harold
Lair:3:   layout_chaotic_city, minmay_swamp_entry_reptiles, uniq_fannar
Lair:4:   layout_gridlike, dummy_snake_entry, grunt_forest_small_clearing_treed
Lair:5:   layout_gridlike, minmay_slime_entry_pillars
Lair:6:   minmay_lair_end_enchanted_forest, layout_long_grid,
          chequers_serial_rivers_small_a, grunt_forest_large_clearings,
          grunt_megastairs_4
Swamp:1:  layout_basic_swamp, evilmike_swamp_ruin_rubble_2, swamp_pool5,
          infiniplex_staircase_pool_2
Swamp:2:  layout_basic_swamp, nicolae_swamp_small_spring, swamp_pool5
Swamp:3:  layout_falls_marsh, hangedman_swamp_ruin_wall
Swamp:4:  swamp, layout_basic_swamp, uniq_louise, uniq_mara
Snake:1:  layout_onion_interference, grunt_megastairs_5, nicolae_triple_integral
Snake:2:  layout_onion, uniq_aizul, uniq_vashnia
Snake:3:  layout_layer_cave, serial_shops, nicolae_shop_hallway_plus,
          nicolae_snake_gridmaze_spiral, amcnicky_altar_lugonu_corruption,
          uniq_donald
Snake:4:  grunt_snake_rune_serpentine_throne, layout_chambers,
          nicolae_shop_vocational
Orc:1:    layout_diamond_mine, uniq_urug
Orc:2:    grunt_orc_tribal_feast, layout_caves, nicolae_volcano_entry_hallway,
          special_room
Elf:1:    minmay_elf_arrival_plus, layout_geoelf_diagonals,
          hangedman_elven_crosses_minicolossus
Elf:2:    nicolae_elf_blades_splatter_lattice [grunt_blade_entry_basic],
          layout_loops_cross, dk_noncrumbling_2
Elf:3:    elf_hall_gauntlet_narrow, layout_loops_ring, corexii_leaking_fountain,
          minmay_shop_grove, uniq_bai_suzhen
Vaults:1: v_alt_pattern_6, v_misc_15, nicolae_vaults_little_squares_3,
          nicolae_vaults_windows_and_doors_thing, v_pattern_5, serial_ice_h,
          nicolae_vaults_little_squares_4, ontoclasm_vaults_ligature,
          door_vault, nicolae_vaults_yaktaur_gun_rack,
          nicolae_vaults_little_squares_4, grunt_vaults_funnel,
          nicolae_vaults_three_branches, nicolae_vaults_rhombus_7,
          layout_vaults_omnibox, serial_shops, shop_coins
Vaults:2: vaults_room_fancy_cross, dpeg_vaults_monster_box, vaults_room_fours,
          hangedman_vaults_maws, ontoclasm_vaults_decontamination, v_misc_27,
          hangedman_vaults_corner_blocks, vaults_dpeg_ring,
          hangedman_vaults_restitches, v_misc_12, grunt_vaults_hallway_short,
          nicolae_vaults_little_squares_3, layout_vaults_chaotic_city,
          serial_shops, nicolae_shop_hallway_stairs,
          nicolae_shop_window_shopping
Vaults:3: minmay_crypt_entry_necro_gods, st_smaller_cells,
          vaults_room_large_hall, nicolae_vaults_mini_display_case,
          vaults_mumra_hex, nicolae_vaults_what_the_h, layout_vaults_omnigrid,
          serial_shops, shop
Vaults:4: grunt_vaults_hallway_short, nicolae_vaults_fighting_squares,
          v_misc_32, v_misc_9, v_rooms_3, ontoclasm_vaults_ring_large,
          v_misc_33, nicolae_vaults_network_star, ontoclasm_vaults_gateway,
          v_misc_17, nicolae_vaults_stairing_the_circle, vaults_dpeg_hooks,
          layout_vaults_big_cross, uniq_frederick
Vaults:5
Crypt:1:  layout_misc_corridors, st_shrine_of_skulls, grunt_crypt_arrival_split
Crypt:2:  layout_catacombs
Crypt:3:  quadcrypt_mu
Tomb:1
Depths:1: layout_gridlike, serial_shops, bzr_entry_water, grunt_hell_horde,
          minmay_mirror_moons_of_madness, grunt_megastairs_2
Depths:2: grunt_x_marks_the_spot, layout_small_grid, enter_ziggurat_f,
          hell_entry, grunt_pan_entry_zigzag, st_stairs_7, item_on_display_a
Depths:3: minmay_coctagon, layout_basic, abyss_entry,
          pf_vacation_house_of_asmodeus, serial_bayou_lagoon_a,
          serial_co_window_serial, co_window_of_opportunity_a,
          co_window_paths_a, co_window_paths_b, co_window_paths_b,
          co_window_paths_b, co_window_corner_a, co_window_paths_b,
          co_window_paths_a, co_window_of_opportunity_a, co_window_2corner,
          co_window_of_opportunity_c, glass_columns_a, glass_columns_a,
          glass_columns_a, uniq_margery, uniq_josephina, uniq_jory
Depths:4: grunt_zot_entry_alcove, layout_cave_shapes, abyss_entry, hell_entry,
          worldfamousw_hep_ancestral_shrine, uniq_saint_roka, uniq_grunn,
          uniq_sojobo, uniq_parghit
Hell
Zot:1:    layout_basic, uniq_vv
Zot:2:    layout_basic
Zot:3:    layout_cellular_growth, grunt_ministairs_5
Zot:4:    layout_onion, grunt_megastairs_3
Zot:5:    layout_basic, ebering_ghost_gozag, drop_trap, st_stairs_11,
          nicolae_transmutations_shop, nrook_zot_tub
Zig:18

Skill      XL: |  1  2  3  4  5  6  7  8  9 10 11 12 13 14 15 16 17 18 19 20 21 22 23 24 25 26 27 |
---------------+----------------------------------------------------------------------------------+-----
Transmutations | 3 6 7 8 9 10 12 14 15 | 15.0
Fighting       | 3 4 5 6 7 8 9 10 11 12 13 14 15 | 15.8
Dodging        | 4 5 6 7 8 9 10 11 12 13 14 15 | 15.0
Stealth        | 5 6 8 10 | 10.0
Unarmed Combat | 6 7 8 9 11 12 14 15 16 17 18 20 21 22 23 | 23.8
Spellcasting   | 4 5 6 7 8 9 10 11 12 13 14 15 16 17 18 20 23 | 23.4
Ice Magic      | 1 2 3 5 6 7 8 9 10 11 12 22 | 22.5
Translocations | 2 3 4 5 8 9 11 12 | 12.0
Evocations     | 3 5 6 7 10 11 13 14 15 | 15.0
Earth Magic    | 3 4 5 6 7 9 13 | 13.9
Conjurations   | 2 3 4 5 6 |  6.0
Necromancy     | 4 7 8 9 10 15 | 15.0
Shields        | 1 4 |  4.0
Air Magic      | 6 10 11 | 11.3

Action                   |  1- 3 |  4- 6 |  7- 9 | 10-12 | 13-15 | 16-18 | 19-21 | 22-24 | 25-27 || total
-------------------------+-------+-------+-------+-------+-------+-------+-------+-------+-------++-------
Melee: Dagger            |    35 |    93 |    56 |    13 |       |       |       |       |       ||   197
       Constrict         |    16 |    22 |    13 |     3 |     1 |       |       |   112 |     8 ||   175
       Kick              |     8 |    15 |     8 |     3 |       |       |       |       |       ||    34
       Unarmed           |     4 |    41 |   190 |   529 |   794 |   729 |   887 |  1279 |  1918 ||  6371
       Tentacles         |     8 |    16 |    15 |     7 |       |       |       |   234 |    15 ||   295
       Punch             |       |     1 |     1 |     1 |    25 |    79 |   109 |   176 |   227 ||   619
       Tailslap          |       |       |       |       |    55 |   107 |   131 |     8 |    26 ||   327
       Bite              |       |       |       |       |    31 |    86 |   107 |     8 |    21 ||   253
       Mace              |       |       |       |       |     5 |     1 |       |     1 |       ||     7
       Staff             |       |       |       |       |       |       |       |       |     1 ||     1
Throw: Dart              |       |       |     1 |     9 |     1 |       |       |       |       ||    11
 Cast: Beastly Appendage |    11 |    18 |    13 |     2 |     1 |       |       |     1 |       ||    46
       Ice Form          |       |    10 |    22 |    59 |    52 |     4 |    12 |       |       ||   159
       Apportation       |       |       |    16 |    23 |    13 |     4 |       |     2 |     3 ||    61
       Wereblood         |       |       |     1 |     4 |     4 |       |     2 |       |     7 ||    18
       Ozocubu's Armour  |       |       |       |    15 |    25 |    12 |    30 |     4 |    14 ||   100
       Petrify           |       |       |       |       |    12 |     5 |     4 |       |       ||    21
       Dragon Form       |       |       |       |       |    36 |   131 |   145 |    20 |    42 ||   374
       Irradiate         |       |       |       |       |     1 |       |     4 |       |     5 ||    10
       Lesser Beckoning  |       |       |       |       |       |    16 |    75 |     8 |    17 ||   116
       Frozen Ramparts   |       |       |       |       |       |     2 |     3 |       |       ||     5
       Manifold Assault  |       |       |       |       |       |       |    50 |   140 |   350 ||   540
       Statue Form       |       |       |       |       |       |       |       |   179 |    19 ||   198
       Storm Form        |       |       |       |       |       |       |       |    16 |   189 ||   205
       Borgnjor's Vile C |       |       |       |       |       |       |       |       |     9 ||     9
       Polar Vortex      |       |       |       |       |       |       |       |       |    24 ||    24
       Necromutation     |       |       |       |       |       |       |       |       |     1 ||     1
Invok: Call Merchant     |       |       |       |       |     2 |     2 |       |     4 |     4 ||    12
       Potion Petition   |       |       |       |       |       |       |       |       |     8 ||     8
 Abil: End Transformatio |       |       |       |     2 |     1 |       |       |     2 |     2 ||     7
       Breathe Fire      |       |       |       |       |     1 |     6 |       |       |       ||     7
       Evoke Blink       |       |       |       |       |       |       |     1 |     2 |       ||     3
       Blinkbolt         |       |       |       |       |       |       |       |     2 |     4 ||     6
Evoke: Wand              |       |       |    13 |    18 |       |       |       |       |     1 ||    32
       Condenser vane    |       |       |       |     1 |       |       |       |       |     1 ||     2
       Phantom mirror    |       |       |       |       |       |       |       |       |     1 ||     1
  Use: Potion            |     3 |     6 |     2 |     6 |     1 |     2 |     1 |     3 |    13 ||    37
       Scroll            |       |     7 |     8 |    10 |     6 |     2 |     1 |     4 |     6 ||    44
 Stab: Sleeping          |     1 |    16 |     4 |    12 |    11 |    30 |    25 |    30 |    21 ||   150
       Distracted        |       |     3 |       |     1 |    11 |     6 |     6 |    12 |    16 ||    55
       Invisible         |       |       |       |     5 |       |       |       |       |     2 ||     7
       Petrified         |       |       |       |       |    45 |     5 |       |       |       ||    50
       Petrifying        |       |       |       |       |       |       |     4 |       |       ||     4
Armor: Skin              |     1 |    20 |    42 |   163 |   178 |   153 |   192 |   316 |   236 ||  1301
Dodge: Dodged            |    17 |    46 |   120 |   329 |   397 |   461 |   583 |   586 |   833 ||  3372
Block: Buckler           |       |       |       |       |       |       |       |   195 |    23 ||   218

Table legend: (Time is in decaauts)
 A = Elapsed time spent in this place.
 B = Non-inter-level travel time spent in this place.
 C = Inter-level travel time spent in this place.
 D = Time resting spent in this place.
 E = Time spent auto-exploring this place.
 F = Levels seen in this place.
 G = Mean time per level.
                   A        B        C        D        E       F      G
               +--------+--------+--------+--------+--------+-----+--------+
         Total | 112429 |  98785 |  13644 |  18840 |  44851 |  77 | 1460.1 |
       Dungeon |  26778 |  21954 |   4824 |   5031 |  10217 |  15 | 1785.2 |
        Temple |    227 |    205 |     22 |      0 |    191 |   1 |  227.0 |
          Lair |  12259 |  10828 |   1431 |   2250 |   5626 |   6 | 2043.2 |
         Swamp |   5752 |   5309 |    443 |   1846 |   2089 |   4 | 1438.0 |
     Snake Pit |   8876 |   8220 |    656 |   1968 |   3426 |   4 | 2219.0 |
  Orcish Mines |   2593 |   2180 |    413 |    503 |    927 |   2 | 1296.5 |
   Elven Halls |   7128 |   6481 |    647 |   1076 |   2263 |   3 | 2376.0 |
        Vaults |  15309 |  13429 |   1880 |   1837 |   7932 |   5 | 3061.8 |
         Crypt |   8521 |   6852 |   1669 |    660 |   3199 |   3 | 2840.3 |
          Tomb |   1731 |   1532 |    199 |    202 |    451 |   1 | 1731.0 |
        Depths |   7097 |   6398 |    699 |    788 |   3803 |   4 | 1774.2 |
          Hell |    847 |    830 |     17 |     15 |    491 |   1 |  847.0 |
           Zot |   8278 |   7537 |    741 |    656 |   3688 |   5 | 1655.6 |
      Ziggurat |   2867 |   2867 |      0 |    584 |     58 |  18 |  159.3 |
        Bazaar |    116 |    116 |      0 |      0 |     15 |   1 |  116.0 |
        Bailey |    796 |    796 |      0 |    275 |      0 |   1 |  796.0 |
      Ice Cave |   1638 |   1638 |      0 |    738 |    396 |   1 | 1638.0 |
       Volcano |    403 |    403 |      0 |     75 |     78 |   1 |  403.0 |
      Gauntlet |   1204 |   1204 |      0 |    332 |      0 |   1 | 1204.0 |
               +--------+--------+--------+--------+--------+-----+--------+

Top non-repeatable levels by time:
 Crypt:3: 4147 daAuts
Vaults:3: 4093 daAuts
    D:11: 3391 daAuts
Vaults:4: 3161 daAuts
    D:10: 3158 daAuts
Vaults:1: 2898 daAuts
   Elf:3: 2890 daAuts
   Zot:5: 2791 daAuts
Vaults:2: 2644 daAuts
 Snake:1: 2615 daAuts
     D:5: 2559 daAuts
  Lair:5: 2531 daAuts
Vaults:5: 2511 daAuts
 Snake:4: 2495 daAuts
  Lair:6: 2482 daAuts
